 Dungeon Crawl Stone Soup version 0.30.0-29-ga12c61a403 (webtiles) character file.

Game seed: 2249587423630820806

221 qw the Chopper (level 5, -8/32 HPs)
             Began as a Gargoyle Fighter on June 4, 2023.
             Mangled by an ogre
             ... wielding a +0 giant club
              (19 damage)
             ... on level 5 of the Dungeon.
             The game lasted 00:01:41 (3194 turns).

qw the Chopper (Gargoyle Fighter)                   Turns: 3194, Time: 00:01:42

Health: -8/32      AC: 16    Str: 22    XL:     5   Next: 98%
Magic:  0/5        EV:  5    Int:  8    God:
Gold:   127        SH: 12    Dex:  9    Spells: 4/4 levels left

rFire   . . .        Y - +0 war axe
rCold   . . .        j - +0 tower shield
rNeg    + . .        n - +0 chain mail
rPois   inf          g - +0 helmet
rElec   +            l - +1 cloak {rCorr}
rCorr   +            (no gloves)
SInv    .            (no boots)
Will    .....        e - amulet of guardian spirit Stlth
                     (no ring)
HPRegen 0.25/turn    (no ring)
MPRegen 0.09/turn

%: guardian spirit
@: no status effects
A: sickness immunity, AC +4, negative energy resistance 1, electricity
resistance, torment resistance 1, petrification resistance
a: no special abilities


You were on level 5 of the Dungeon.
You visited 1 branch of the dungeon, and saw 5 of its levels.

You collected 127 gold pieces.


Innate Abilities, Weirdness & Mutations

You are immune to sickness and miasma.
Your stone body is resilient. (AC +4)
You are immune to poison.
You resist negative energy. (rN+)
You are resistant to electric shocks. (rElec)
You are resistant to unholy torment.
You are immune to petrification.


   Skills:
 - Level 3.2 Fighting
 - Level 4.8 Axes
 - Level 3.2 Armour
 + Level 4.4 Shields


You had 4 spell levels left.
You didn't know any spells.
Your spell library was empty.

Inventory:

Hand Weapons
 b - a +0 flail
 Y - a +0 war axe (weapon)
Armour
 g - a +0 helmet (worn)
 j - a +0 tower shield (worn)
 l - a +1 cloak of preservation (worn)
 n - a +0 chain mail (worn)
Jewellery
 c - an amulet of regeneration
 e - an amulet of guardian spirit (around neck)
Scrolls
 a - 2 scrolls of identify
Potions
 d - a potion of might
 h - a potion of curing {unknown}
 k - a potion of brilliance {unknown}

Dungeon Overview and Level Annotations

Branches:
Dungeon (5/15)
 Temple: D:4-7

Altars:
Dithmenos
Sif Muna
Yredelemnul
The Shining One

Annotations:
D:3 1 runed translucent door
D:4 2 transporters


Message History

The steam dragon is lightly wounded.
The steam dragon breathes steam at you.
The ball of steam hits you but does no damage.
You hear a bark!
You hear an angry growl.
You hear an angry hiss.
You slash the steam dragon!
The steam dragon is heavily wounded.
You are engulfed in a cloud of scalding steam.
You block the steam dragon's attack. The steam dragon barely misses you.
The steam dragon bites you but does no damage.
The steam dragon claws you but does no damage.
3188 ||| READING scroll of teleportation.
As you read the scroll of teleportation, it crumbles to dust.
You feel strangely unstable.
You are engulfed in a cloud of scalding steam.
You block the steam dragon's attack. x2
You barely miss the steam dragon.
The steam dragon is heavily wounded.
You are engulfed in a cloud of scalding steam.
The steam dragon breathes steam at you. The ball of steam misses you.
An orc comes into view. It is wielding a +0 hand axe.
You hear a shout! x2
You barely miss the steam dragon.
The steam dragon is heavily wounded.
Your surroundings suddenly seem different.
An ogre comes into view. It is wielding a +0 giant club.
Found 7 gold pieces.
Enter note:
Enter note: You slash the ogre!
The ogre is moderately wounded.
You block the ogre's attack.
You barely miss the ogre.
The ogre is moderately wounded.
You block the ogre's attack.
You completely miss the ogre.
The ogre is moderately wounded.
The ogre hits you with a +0 giant club!!
Ouch! That really hurt!
You die...

.# .##
..## ...
..# # ..#
#.##O.#
#..@..#
###...#
..$....
.#...####
#.#....
### #
#.#... ..
#......
.###
####....
#..##
#./<#


You could see an ogre.

Vanquished Creatures
  A hound (D:4)
  Jessica (D:3)
  3 gnolls (D:5)
  7 adders
  A worm (D:2)
  5 dart slugs
  9 ball pythons
  2 bats (D:1)
  9 endoplasms
  2 giant cockroaches (D:1)
  6 hobgoblins
  3 jackals (D:4)
  A quokka (D:1)
  2 frilled lizards (D:1)
  4 goblins
  A goblin zombie (D:3)
  2 kobolds (D:4)
  4 rats
63 creatures vanquished.

Vanquished Creatures (others)
  A black bear (D:5)
1 creature vanquished.

Grand Total: 64 creatures vanquished

Notes
Turn   | Place    | Note
-------+----------+-------------------------------------------
     0 | D:1      | qw the Gargoyle Fighter began the quest for the Orb.
     0 | D:1      | Reached XP level 1. HP: 14/14 MP: 1/1
     0 | D:1      | 0 ||| qw: Version: 0.2-a-106-g05974ce
     0 | D:1      | 0 ||| qw: Game counter: 1139
     0 | D:1      | 0 ||| qw: Always use a shield: true
     0 | D:1      | 0 ||| qw: God list: Okawaru
     0 | D:1      | 0 ||| qw: Allow faded altars: false
     0 | D:1      | 0 ||| qw: Do Orc after D:15 true
     0 | D:1      | 0 ||| qw: Do second Lair branch before Depths: true
     0 | D:1      | 0 ||| qw: Lair rune preference: random
     0 | D:1      | 0 ||| qw: Plans: Normal, Zot:1-4, Slime:5, God:TSO, Crypt,
                  | Tomb, Abyss, Pan, Hells, Win
     0 | D:1      | 0 ||| PLANNING D:1-11
    20 | D:1      | 20 ||| Stepping ~*~*~tactically~*~*~ (stealth).
   100 | D:1      | Reached XP level 2. HP: 18/19 MP: 2/2
   293 | D:1      | Reached skill level 3 in Axes
   372 | D:1      | Reached XP level 3. HP: 23/23 MP: 3/3
   504 | D:1      | 504 ||| UPGRADING to +0 helmet.
   509 | D:1      | 509 ||| UPGRADING to +1 cloak of preservation.
   514 | D:1      | 514 ||| UPGRADING to +0 chain mail.
   524 | D:1      | 524 ||| DROPPING +0 scale mail.
   525 | D:1      | 525 ||| DROPPING ring of magical power.
   526 | D:1      | 526 ||| READING 2 scrolls labelled CUNTOI AVUPTE.
   527 | D:1      | 527 ||| READING scroll labelled XOANGUCVANYO.
   531 | D:1      | 531 ||| READING 2 scrolls labelled WAXOIWKEAN.
   532 | D:1      | 532 ||| DRINKING 2 smoky black potions.
   533 | D:1      | 533 ||| DROPPING potion of invisibility.
   534 | D:1      | 534 ||| DROPPING scroll of amnesia.
   620 | D:2      | Identified the +1 scale mail of Curiosity {rPois}
   638 | D:2      | 638 ||| Stepping ~*~*~tactically~*~*~ (hiding).
   640 | D:2      | 640 ||| Stepping ~*~*~tactically~*~*~ (hiding).
   641 | D:2      | 641 ||| Stepping ~*~*~tactically~*~*~ (hiding).
  1075 | D:2      | 1075 ||| DROPPING +1 scale mail of Curiosity {rPois}.
  1076 | D:2      | 1076 ||| UPGRADING to amulet of guardian spirit.
  1081 | D:2      | 1081 ||| READING scroll labelled VEXUJ ESCHO.
  1147 | D:3      | 1147 ||| DROPPING +2 mace of holy wrath.
  1150 | D:3      | Reached XP level 4. HP: 28/28 MP: 4/4
  1284 | D:3      | Found a shadowy altar of Dithmenos.
  1290 | D:3      | 1290 ||| Stepping ~*~*~tactically~*~*~ (stealth).
  1291 | D:3      | 1291 ||| Stepping ~*~*~tactically~*~*~ (stealth).
  1307 | D:3      | 1307 ||| Stepping ~*~*~tactically~*~*~ (stealth).
  1418 | D:3      | Noticed Jessica
  1425 | D:3      | Killed Jessica
  1426 | D:3      | Reached XP level 5. HP: 29/32 MP: 3/5
  1618 | D:3      | 1618 ||| Stepping ~*~*~tactically~*~*~ (hiding).
  1728 | D:3      | Found a runed translucent door.
  1728 | D:3      | Noticed a human
  1733 | D:3      | Found a basalt altar of Yredelemnul.
  1752 | D:3      | 1752 ||| Stepping ~*~*~tactically~*~*~ (stealth).
  1991 | D:3      | 1991 ||| UPGRADING to +0 tower shield.
  2001 | D:3      | 2001 ||| DROPPING +0 buckler.
  2002 | D:3      | 2002 ||| READING scroll labelled EVAIR PUEZ.
  2025 | D:4      | 2025 ||| STAIRDANCE
  2029 | D:4      | 2029 ||| STAIRDANCE
  2033 | D:4      | 2033 ||| STAIRDANCE
  2037 | D:4      | 2037 ||| STAIRDANCE
  2041 | D:4      | 2041 ||| STAIRDANCE
  2045 | D:4      | 2045 ||| STAIRDANCE
  2049 | D:4      | 2049 ||| STAIRDANCE
  2053 | D:4      | 2053 ||| STAIRDANCE
  2057 | D:4      | 2057 ||| STAIRDANCE
  2061 | D:4      | 2061 ||| STAIRDANCE
  2065 | D:4      | 2065 ||| STAIRDANCE
  2069 | D:4      | 2069 ||| STAIRDANCE
  2073 | D:4      | 2073 ||| STAIRDANCE
  2077 | D:4      | 2077 ||| STAIRDANCE
  2081 | D:4      | 2081 ||| STAIRDANCE
  2085 | D:4      | 2085 ||| STAIRDANCE
  2089 | D:4      | 2089 ||| STAIRDANCE
  2093 | D:4      | 2093 ||| STAIRDANCE
  2097 | D:4      | 2097 ||| STAIRDANCE
  2101 | D:4      | 2101 ||| STAIRDANCE
  2108 | D:4      | 2108 ||| FLEEEEING.
  2109 | D:4      | 2109 ||| FLEEEEING.
  2296 | D:4      | Found a glowing golden altar of the Shining One.
  2418 | D:4      | Found a transporter.
  2421 | D:4      | Noticed a phantom
  2424 | D:4      | Found a transporter.
  2427 | D:4      | Noticed a water moccasin
  2427 | D:4      | Noticed a wyvern
  2428 | D:4      | Noticed a wyvern
  2466 | D:4      | Found a shimmering blue altar of Sif Muna.
  2500 | D:4      | 2500 ||| READING scroll labelled AWOPOM WALA.
  2601 | D:4      | 2601 ||| READING scroll labelled SELUDD YTAWEC.
  2959 | D:5      | Entered Level 5 of the Dungeon
  3173 | D:5      | Noticed a steam dragon
  3174 | D:5      | 3174 ||| Stepping ~*~*~tactically~*~*~ (hiding).
  3176 | D:5      | 3176 ||| Stepping ~*~*~tactically~*~*~ (hiding).
  3183 | D:5      | Killed a black bear
  3187 | D:5      | HP: 8/32 [steam dragon] (11)]
  3188 | D:5      | 3188 ||| READING scroll of teleportation.
  3190 | D:5      | Noticed an ogre
  3194 | D:5      | Mangled by an ogre

Levels and vault maps discovered:
D:1:      dpeg_arrival_refuge, layout_basic, serial_corexii_hall,
          corexii_hall_statues_s, corexii_hall_statues_i, minmay_tromino_v4_c
D:2:      layout_basic
D:3:      layout_basic, nicolae_overflow_hidden_temple, dk_yredelemnul_ordeal,
          serial_bayou, serial_bayou_shore_a, serial_bayou_lagoon_a,
          serial_bayou_pond_a, serial_bayou_lake_a, dreamdust_mushroom_princess,
          uniq_jessica
D:4:      layout_gridville, gammafunk_temple_overflow_arena, tso_altar
D:5:      layout_loops_ring, xom_confusion_cloud,
          minmay_overflow_temple_star_quad, serial_shops, nicolae_shop_crystal

Skill      XL: |  1  2  3  4  5 |
---------------+----------------+-----
Axes           | 2 3 4 |  4.8
Shields        | 4 |  4.4
Fighting       | |  3.2
Armour         | |  3.2

Action                     |  1- 3 |  4- 6 || total
---------------------------+-------+-------++-------
  Melee: War axe           |    69 |   122 ||   191
    Use: Scroll            |     4 |     4 ||     8
         Potion            |     1 |       ||     1
 Armour: Scale mail        |    18 |       ||    18
         Chain mail        |    12 |    63 ||    75
  Dodge: Dodged            |    34 |    41 ||    75
  Block: Buckler           |    13 |    11 ||    24
         Tower shield      |       |    35 ||    35

Table legend:
 A = Non-vault XP
 B = Vault XP
 C = Vault XP percentage of total XP
 D = Non-vault monster count
 E = Vault monster count
 F = Vault count percentage of total count
                 A         B        C        D         E       F
            +---------+---------+-------+---------+---------+-------
      Total |     279 |      38 |  12.0 |      61 |       2 |   3.2
            +---------+---------+-------+---------+---------+-------
        D:1 |      40 |       0 |   0.0 |      21 |       0 |   0.0
        D:2 |      41 |       0 |   0.0 |       6 |       0 |   0.0
        D:3 |      87 |      38 |  30.4 |      17 |       2 |  10.5
        D:4 |      63 |       0 |   0.0 |      13 |       0 |   0.0
        D:5 |      48 |       0 |   0.0 |       4 |       0 |   0.0
            +---------+---------+-------+---------+---------+-------
